 Dungeon Crawl Stone Soup version 0.27.1-2-g3b301248ec (webtiles) character file.

Game seed: 8584186131645067961

3558 wilfster70 the Thaumaturge (level 10, -6/75 HPs)
             Began as a Djinni Conjurer on Oct 1, 2021.
             Was an Initiate of Makhleb.
             Mangled by a wyvern (16 damage)
             ... on level 6 of the Dungeon.
             The game lasted 00:21:37 (9986 turns).

wilfster70 the Thaumaturge (Djinni Conjurer)        Turns: 9986, Time: 00:21:38

Health: -6/75      AC:  5    Str:  6    XL:     10   Next: 30%
Gold:   529        EV: 12    Int: 23    God:    Makhleb [......] SH:  0 Dex: 12

rFire    + + .     SeeInvis .   a - +1 dagger (elec)
rCold    x . .     Faith    .   (no shield)
rNeg     . . .     Spirit   .   i - +0 robe
rPois    ∞         Reflect  .   (no helmet)
rElec    .         Harm     +   e - scarf {harm}
rCorr    .         Rampage  .   l - +2 pair of gloves
Will     +....                  (boots unavailable)
Stlth    ++........             (no amulet)
HPRegen  0.22/turn              B - +4 ring of slaying
MPRegen  0.00/turn              (no ring)

@: flying
A: sickness immunity, fire resistance 2, cold vulnerability 1, float, innate
caster, hp casting, extra vitality 1
a: Renounce Religion


You were on level 6 of the Dungeon.
You worshipped Makhleb.
Makhleb was noncommittal.
You visited 2 branches of the dungeon, and saw 7 of its levels.
You also visited: Ossuary.

You collected 529 gold pieces.

Inventory:

Hand Weapons
 a - a +1 dagger of electrocution (weapon)
Missiles
 c - 209 stones
 n - 2 throwing nets
 q - 7 curare-tipped darts
Armour
 e - a scarf of harm (worn)
 i - a +0 robe (worn)
 l - a +2 pair of gloves (worn)
 z - a +0 tower shield
Jewellery
 B - a +4 ring of slaying (left hand)
Wands
 g - a wand of iceblast (13)
Scrolls
 m - a scroll of blinking
 u - 5 scrolls of magic mapping
Potions
 b - a potion of cancellation
 h - a potion of haste
 j - 3 potions of lignification
 k - 3 potions of might
 s - 3 potions of mutation
 t - a potion of ambrosia
 v - a potion of curing
 w - 4 potions of brilliance


   Skills:
 + Level 7.2 Fighting
 - Level 4.0 Armour
 - Level 2.1 Dodging
 - Level 1.5 Stealth
 - Level 4.0 Shields
 * Level 8.8 Spellcasting


You had 2 spell levels left.
You knew the following spells:

 Your Spells              Type           Power      Damage    Failure   Level
a - Magic Dart            Conj           100%       1d8       1%          1
b - Searing Ray           Conj           100%       3d7       1%          2
c - Dazzling Flash        Conj/Hex       100%       N/A       1%          3
d - Fulminant Prism       Conj/Hex       25%        3d14      1%          4
e - Iskenderun's Mystic   Conj/Tloc      50%        2d11      1%          4
f - Sandblast             Erth           100%       2d20      1%          1
g - Poisonous Vapours     Pois/Air       100%       N/A       1%          2
h - Lesser Beckoning      Tloc           25%        N/A       1%          3
i - Petrify               Tmut/Erth      50%        N/A       1%          4
Your spell library was empty.

Dungeon Overview and Level Annotations

Branches:
Dungeon (6/15)             Temple (1/1) D:5         Ossuary (visited)

Altars:
Ashenzari
Elyvilon
Gozag
Makhleb
Qazlal
Trog
Uskayaw
Zin

Shops:
D:3 [

Annotations:
D:3 exclusion: downstairs


Innate Abilities, Weirdness & Mutations

You are immune to sickness and miasma.
You are immune to poison.
Your flesh is very heat resistant. (rF++)
You are vulnerable to cold. (rC-)
You float through the air rather than walking.
You learn spells naturally, not from books.
Your magical power is your life essence.
You have superior vitality. (+4 HP)


Message History

Aim: an ogre, wielding a +0 giant club (lightly wounded, very poisoned) Poisonous vapours surround the ogre!
The ogre looks as sick as possible!
Casting: Poisonous Vapours (safe; 1% risk of failure)
Confirm with . or Enter, or press ? or * to list all spells.
Aiming: Searing Ray (safe; 1% risk of failure)
Press: ? - help, Shift-Dir - straight line, f/p - ogre
Aim: an ogre, wielding a +0 giant club (lightly wounded, extremely poisoned, 92% to hit)
The searing ray misses the ogre. (Press . to maintain the ray.)
The searing ray hits the ogre!
The ogre is almost dead.
The searing ray hits the sky beast!
The sky beast is severely wounded.
You kill the ogre!
Makhleb accepts your kill.
The searing ray misses the sky beast.
The wyvern bites you!
The searing ray misses the sky beast.
You finish channeling your searing ray.
The wyvern bites you but does no damage.
The sky beast barely misses you. The wyvern closely misses you.
The wyvern bites you. The sky beast hits you. The sky beast shocks you.
Found 9 gold pieces.
The wyvern closely misses you. The sky beast completely misses you.
The wyvern bites you but does no damage.
The sky beast barely misses you. The wyvern misses you.
You feel your willpower return.
An ufetubus comes into view.
The ufetubus shouts!
The wyvern bites you. The wyvern closely misses you. The wyvern bites you!
* * * LOW HITPOINT WARNING * * *
The sky beast closely misses you. The wyvern bites you!
* * * LOW HITPOINT WARNING * * *
There is an open door here.
The wyvern bites you!
* * * LOW HITPOINT WARNING * * *
You feel better. The wyvern bites you!
You die...

.....§§§§.......#
####.5?§§!".....#
######'
####§#######...##
#........ ...§§...<...
.># #........
####.#.#.... .#
#.............# .....#.#
###. # #.............#
.....# . .....
#.......[.....# .....#
##
#...####.............#
h....#
#....@l5Y............#
.....#
##..####.............#
####..
........#.......).....#
####
####...................#
#........############
#........# #........#
#........# #........#


You could see a wyvern, a sky beast and an ufetubus.

Vanquished Creatures
  5 humans
  3 yaks
  Eustachio (D:5)
  Menkaure (D:4)
  Edmund (D:5)
  A sky beast (D:5)
  2 necrophages
  3 black bears
  An ice beast (D:5)
  3 ogres
  2 centaurs
  A bullfrog (D:6)
  3 scorpions
  A howler monkey (D:6)
  A centaur zombie (D:6)
  2 hounds
  An orc priest (D:4)
  A gnoll shaman (D:6)
  2 centaur skeletons (D:5)
  3 iguanas (D:5)
  4 orc wizards
  A hound zombie (D:5)
  8 mummies (Ossuary)
  6 gnolls
  3 howler monkey skeletons
  4 adders
  2 shadow imps (D:5)
  2 ufetubi (D:5)
  2 worms
  2 dart slugs
  12 orcs
  4 endoplasms
  7 giant cockroaches
  2 gnoll zombies (Ossuary)
  8 goblins
  7 hobgoblins
  A jackal (D:3)
  5 kobolds
  5 quokkas
  4 ball pythons (D:1)
  5 bats
  2 frilled lizards
  4 hobgoblin zombies (Ossuary)
  2 kobold zombies (Ossuary)
  3 rats
143 creatures vanquished.

Vanquished Creatures (others)
  A fulminant prism (D:6)
  7 plants (D:3)
8 creatures vanquished.

Grand Total: 151 creatures vanquished

Notes
Turn   | Place    | Note
-------+----------+-------------------------------------------
     0 | D:1      | wilfster70 the Djinni Conjurer began the quest for the Orb.
     0 | D:1      | Reached XP level 1. HP: 15/15 MP: 0/0
   187 | D:1      | Reached XP level 2. HP: 9/22 MP: 0/0
   664 | D:1      | Reached skill level 1 in Armour
   664 | D:1      | Reached XP level 3. HP: 21/26 MP: 0/0
   664 | D:1      | Learned a level 1 spell: Sandblast
   858 | D:1      | Reached skill level 1 in Fighting
  1323 | D:2      | Reached XP level 4. HP: 26/32 MP: 0/0
  1482 | D:2      | Found a faded altar of an unknown god.
  2024 | D:3      | Found a broken altar of Ashenzari.
  2100 | D:3      | Reached skill level 4 in Spellcasting
  2100 | D:3      | Reached XP level 5. HP: 30/38 MP: 0/0
  2100 | D:3      | Learned a level 2 spell: Poisonous Vapours
  2310 | D:3      | Found Pimeij's Antique Armour Shoppe.
  2932 | D:3      | Found a hide-covered altar of Uskayaw.
  3266 | D:4      | Found a sand-covered staircase.
  3271 | Ossuary  | Entered an ossuary
  3499 | Ossuary  | Reached XP level 6. HP: 41/44 MP: 0/0
  4236 | D:4      | Noticed a necrophage
  4244 | D:4      | Killed a necrophage
  4245 | D:4      | Reached skill level 5 in Spellcasting
  4245 | D:4      | Reached XP level 7. HP: 38/50 MP: 0/0
  4245 | D:4      | Learned a level 3 spell: Lesser Beckoning
  4584 | D:4      | Noticed Menkaure
  4896 | D:5      | Entered Level 5 of the Dungeon
  4954 | D:5      | Reached XP level 8. HP: 22/58 MP: 0/0
  5248 | D:5      | Noticed Edmund
  5298 | D:5      | Killed Edmund
  5637 | D:5      | Noticed Eustachio
  5650 | D:5      | Killed Eustachio
  5651 | D:5      | Reached skill level 1 in Shields
  5651 | D:5      | Reached skill level 6 in Spellcasting
  6268 | D:4      | Found an opulent altar of Gozag.
  6642 | D:4      | Killed Menkaure
  6643 | D:4      | Reached XP level 9. HP: 61/64 MP: 0/0
  6643 | D:4      | Learned a level 4 spell: Petrify
  6695 | D:4      | Reached skill level 5 in Fighting
  7084 | D:5      | Found a staircase to the Ecumenical Temple.
  7934 | D:5      | Reached skill level 7 in Spellcasting
  8339 | Temple   | Entered the Ecumenical Temple
  8353 | Temple   | Became a worshipper of Makhleb the Destroyer
  8780 | D:5      | Reached skill level 8 in Spellcasting
  8800 | D:5      | Reached XP level 10. HP: 30/73 MP: 0/0
  9985 | D:6      | HP: 3/75 [wyvern (8)]
  9986 | D:6      | Mangled by a wyvern

Illustrated notes

Levels and vault maps discovered:
D:1:      dpeg_arrival_ternary, layout_rooms
D:2:      layout_loops_ring, ebering_ecumenical_altar_abandoned
D:3:      layout_loops_ring, mainiacjoe_overflow_six_doors_small,
          nicolae_uskayaw_suspiria, serial_shops, shop_fountains,
          serial_bayou_lagoon_a, minmay_pentangle
D:4:      layout_basic, grunt_gozag_breadcrumbs,
          nicolae_ossuary_entry_false_entrances, uniq_menkaure
D:5:      minmay_clustersquares, layout_layer_cave,
          minmay_temple_entry_drinking_statues, minmay_chambers_of_fives,
          uniq_eustachio, uniq_edmund
D:6:      layout_basic, yredelemnul_forgotten_temple_becter, minmay_ruffians
Temple:   eino_temple_scatter_basement

Skill      XL: |  1  2  3  4  5  6  7  8  9 10 |
---------------+-------------------------------+-----
Armour         | 1 2 3 4 |  4.0
Fighting       | 1 2 3 4 6 7 |  7.2
Spellcasting   | 4 5 6 8 |  8.8
Shields        | 2 4 |  4.0
Dodging        | |  2.1
Stealth        | |  1.5

Action                   |  1- 3 |  4- 6 |  7- 9 | 10-12 || total
-------------------------+-------+-------+-------+-------++-------
Melee: Unarmed           |     1 |       |       |       ||     1
       Short sword       |       |    15 |     1 |       ||    16
       Dagger            |       |       |    28 |     8 ||    36
 Cast: Magic Dart        |    47 |     6 |       |       ||    53
       Searing Ray       |     4 |    50 |    36 |     7 ||    97
       Poisonous Vapours |       |     1 |    18 |    14 ||    33
       Sandblast         |       |       |     1 |       ||     1
       Fulminant Prism   |       |       |       |     1 ||     1
  Use: Scroll            |       |       |    10 |     8 ||    18
       Potion            |       |       |       |     2 ||     2
Armor: Robe              |     1 |     7 |    33 |    21 ||    62
Dodge: Dodged            |    11 |    14 |    94 |    41 ||   160
